 Dungeon Crawl Stone Soup version 0.28-a0-1493-g08698888e4 (webtiles) character file.

Game seed: 7021359170560750305

36 kae the Ruffian (level 3, 0/33 HPs)
             Began as a Troll Transmuter on Jan 12, 2022.
             Slain by an adder (1 damage)
             ... on level 2 of the Dungeon.
             The game lasted 00:01:07 (746 turns).

kae the Ruffian (Troll Transmuter)                   Turns: 746, Time: 00:01:08

Health: 0/33       AC:  4    Str: 18    XL:     3   Next: 19%
Magic:  3/4        EV:  9    Int: 11    God:
Gold:   6          SH:  0    Dex: 10    Spells: 3/4 levels left

rFire   . . .      SeeInvis .     - Unarmed
rCold   . . .      Faith    .   (no shield)
rNeg    . . .      Spirit   .   a - +0 robe
rPois   .          Reflect  .   (helmet restricted)
rElec   .          Harm     .   (no cloak)
rCorr   .          Rampage  .   (gloves unavailable)
Will    .....                   (boots unavailable)
Stlth   +.........              (no amulet)
HPRegen 0.91/turn               (no ring)
MPRegen 0.09/turn               (no ring)

@: mighty, lethally poisoned (0 -> -3)
A: large, unfitting armour, claws 3, regeneration 1, shaggy fur 1, tough skin 1
a: no special abilities


You were on level 2 of the Dungeon.
You visited 1 branch of the dungeon, and saw 2 of its levels.

You collected 6 gold pieces.

Inventory:

Armour
 a - a +0 robe (worn)
Scrolls
 e - a scroll of fear
Potions
 d - a potion of cancellation {unknown}


   Skills:
 + Level 1.3 Fighting
 - Level 1.5 Dodging
 * Level 3.5 Unarmed Combat
 + Level 1.4 Spellcasting
 + Level 1.7 Transmutations


You had 3 spell levels left.
You knew the following spells:

 Your Spells              Type           Power      Damage    Failure   Level
a - Beastly Appendage     Tmut           8%         N/A       16%         1

Your spell library contained the following spells:

 Spells                   Type           Power      Damage    Failure   Level
 Wereblood                Tmut           4%         N/A       22%         2
 Magic Dart               Conj           0%         1d3       30%         1
 Call Imp                 Summ           0%         N/A       43%         2
 Spider Form              Tmut/Pois      2%         N/A       54%         3
 Mephitic Cloud           Conj/Pois/Air  0%         N/A       67%         3
 Ice Form                 Ice/Tmut       2%         N/A       91%         4


Dungeon Overview and Level Annotations

Branches:
Dungeon (2/15)

Altars:


Innate Abilities, Weirdness & Mutations

You are too large for most types of armour.
You have claws for hands.
Your natural rate of healing is unusually fast.
You are covered in fur. (AC +1)
You have tough skin. (AC +1)


Message History

You closely miss the adder.
You feel sick. The adder bites you but does no damage.
The giant cockroach waves its antennae.
The giant cockroach bites you but does no damage.
You barely miss the adder. Your kick misses the adder.
Your headbutt misses the adder.
You feel sick. The adder bites you.
The giant cockroach bites you but does no damage.
You barely miss the adder. Your kick misses the adder.
You feel sick. The adder bites you.
You are more poisoned.
The adder poisons you! The giant cockroach bites you.
The rat barely misses you.
You barely miss the adder. Your kick misses the adder. You headbutt the adder.
The adder is moderately wounded.
You feel sick. The adder bites you.
The giant cockroach bites you but does no damage.
The rat bites you.
* * * LOW HITPOINT WARNING * * *
The adder bites you but does no damage.
You barely miss the adder. Your headbutt misses the adder.
The adder is moderately wounded.
You feel sick. The giant cockroach closely misses you. The adder bites you.
* * * LOW HITPOINT WARNING * * *
You are lethally poisoned!
The adder poisons you! The rat bites you but does no damage.
You barely miss the adder. Your kick misses the adder.
The adder is moderately wounded.
* * * LOW HITPOINT WARNING * * *
You feel very sick. The giant cockroach barely misses you.
The adder closely misses you. The rat bites you.
* * * LOW HITPOINT WARNING * * *
It was a potion of might.
You feel very mighty all of a sudden.
Your horns disappear.
Your talons disappear.
* * * LOW HITPOINT WARNING * * *
You feel sick.
The giant cockroach bites you but does no damage.
The adder bites you.
You die...

#.....#
#..##
#.....# #.##
### #..####
#.# #...
#.## #+#
#....##.#
#....#..#
#...#####.#
#....r....##
#..#@S......
#.##†B..##..
#. ##..## #.
..# #. .."
.... ....#
.....


You could see an adder, a giant cockroach and a rat.

Vanquished Creatures
  An adder (D:2)
  2 ball pythons
  3 bats (D:1)
  2 endoplasms (D:1)
  A giant cockroach (D:1)
  2 goblins (D:1)
  4 hobgoblins (D:1)
  4 kobolds
  2 quokkas (D:1)
  4 rats
25 creatures vanquished.

Notes
Turn   | Place    | Note
-------+----------+-------------------------------------------
     0 | D:1      | kae the Troll Transmuter began the quest for the Orb.
     0 | D:1      | Reached XP level 1. HP: 18/18 MP: 1/1
    99 | D:1      | Reached skill level 1 in Fighting
   127 | D:1      | Reached XP level 2. HP: 27/27 MP: 0/3
   739 | D:2      | Reached XP level 3. HP: 20/33 MP: 2/4
   746 | D:2      | HP: 1/33 [poisoned by an adder]
   746 | D:2      | Slain by an adder

Illustrated notes

Levels and vault maps discovered:
D:1:      lightli_arrival_noodles, layout_rooms, st_stairs_2
D:2:      layout_rooms, hellmonk_ecumenical_altar_blasted, serial_shops,
          nicolae_shop_behind_doors, basic_altar

Skill      XL: |  1 |
---------------+----+-----
Fighting       | 1 |  1.3
Dodging        | |  1.5
Unarmed Combat | |  3.5
Spellcasting   | |  1.4
Transmutations | |  1.7

Action                   || total
-------------------------++-------
Melee: Unarmed           ||    55
       Kick              ||     3
       Headbutt          ||     3
 Cast: Beastly Appendage ||    11
  Use: Scroll            ||     2
       Potion            ||     1
Armor: Robe              ||    23
Dodge: Dodged            ||    41

Table legend: (Time is in decaauts)
 A = Elapsed time spent in this place.
 B = Non-inter-level travel time spent in this place.
 C = Inter-level travel time spent in this place.
 D = Time resting spent in this place.
 E = Time spent auto-exploring this place.
 F = Levels seen in this place.
 G = Mean time per level.
                   A        B        C        D        E       F      G
               +--------+--------+--------+--------+--------+-----+--------+
         Total |    742 |    706 |     36 |      0 |    551 |   2 |  371.0 |
       Dungeon |    742 |    706 |     36 |      0 |    551 |   2 |  371.0 |
               +--------+--------+--------+--------+--------+-----+--------+

Top non-repeatable levels by time:
     D:1: 652 daAuts
     D:2: 89 daAuts
